[ AOE2 MATCH · #484447192 ]
Team RMFranks vs Persians
[ REPLAY ANALYSIS · EXTRACTED FROM THE RECORDED GAME ]
Feudal
—
Castle
—
Imperial
—
| APM avg | 18.3 |
| APM peak | 219 |
| eAPM avg | 16.7 |
| Villagers / military | 51 / 0 |
Focus
⚔️ 0.9% · 🌾 99.1%
Feudal
14:00
Castle
22:26
Imperial
33:49
| APM avg | 15.6 |
| APM peak | 40 |
| eAPM avg | 9.3 |
| Villagers / military | 68 / 105 |
Focus
⚔️ 29.2% · 🌾 70.8%
Huskarl ×79 · Spearman ×24 · Militia ×1 · Trebuchet (Packed) ×1
Feudal
—
Castle
—
Imperial
—
| APM avg | 25.7 |
| APM peak | 57 |
| eAPM avg | 14.6 |
| Villagers / military | 138 / 48 |
Focus
⚔️ 20.7% · 🌾 79.3%
Spearman ×35 · Scorpion ×12 · Petard ×1
Feudal
12:33
Castle
21:41
Imperial
—
| APM avg | 18.5 |
| APM peak | 141 |
| eAPM avg | 5.0 |
| Villagers / military | 58 / 1 |
Focus
⚔️ 6.0% · 🌾 94.0%
Longbowman ×1
Feudal
13:27
Castle
25:33
Imperial
38:30
| APM avg | 7.5 |
| APM peak | 19 |
| eAPM avg | 6.4 |
| Villagers / military | 60 / 68 |
Focus
⚔️ 23.1% · 🌾 76.9%
Knight ×61 · Trade Cart ×3 · Battering Ram ×3 · Monk ×2 · Trebuchet (Packed) ×2
Feudal
14:28
Castle
25:42
Imperial
38:08
| APM avg | 15.8 |
| APM peak | 63 |
| eAPM avg | 9.5 |
| Villagers / military | 84 / 39 |
Focus
⚔️ 13.7% · 🌾 86.3%
Cavalry Archer ×25 · Trade Cart ×16 · Knight ×10 · Monk ×4
Feudal
14:38
Castle
18:43
Imperial
—
| APM avg | 18.5 |
| APM peak | 92 |
| eAPM avg | 10.3 |
| Villagers / military | 68 / 129 |
Focus
⚔️ 24.1% · 🌾 75.9%
Archer ×65 · Knight ×53 · War Elephant ×8 · Battering Ram ×3
Feudal
12:31
Castle
17:41
Imperial
32:09
| APM avg | 19.9 |
| APM peak | 81 |
| eAPM avg | 9.3 |
| Villagers / military | 88 / 62 |
Focus
⚔️ 26.5% · 🌾 73.5%
Spearman ×62
Match map
Initial resources + every placement click. Lines = walls · curves = elevation contours. ◆ gold · ⬟ stone · ● berries · ✦ relic · ◌ wall gap
Your base· ✓ Closed at 21:46 · 0t walls · 2 gate(s)
Tolly Wonka's base· ✓ Closed at 22:26 · 0t walls · 3 gate(s)
Selobate's base· ✓ Closed at 16:24 · 0t walls · 3 gate(s)
ShakaZuLu's base· ✓ Closed at 21:41 · 0t walls · 2 gate(s)
daniel_eguigureng's base· ✓ Closed at 25:33 · 0t walls · 3 gate(s)
bapuji's base· ✓ Closed at 25:42 · 17t walls · 3 gate(s)
MOTHERSHIP's base· ✓ Closed at 18:43 · 0t walls · 2 gate(s)
Aria's base· ✓ Closed at 17:41 · 0t walls · 2 gate(s)
Smoothed initial terrain · ◌ = detected wall gap · hover for details
Inputs per minute
— KINGGING84 - - Tolly Wonka
Build order — KINGGING84
First 150 of 176 actions detected
| 0:06 | Create | Villager (Male) ×4 |
| 0:06 | Create | Villager (Male) |
| 0:07 | Research | Loom |
| 1:22 | Build | House |
| 1:25 | Build | House |
| 1:28 | Build | House |
| 3:14 | Build | Lumber Camp |
| 3:40 | Create | Villager (Male) ×2 |
| 3:40 | Create | Villager (Male) |
| 4:17 | Create | Villager (Male) |
| 4:17 | Create | Villager (Male) |
| 4:29 | Build | House |
| 4:40 | Build | House |
| 4:43 | Build | House |
| 4:51 | Create | Villager (Male) |
| 4:51 | Create | Villager (Male) |
| 5:15 | Create | Villager (Male) |
| 5:15 | Create | Villager (Male) |
| 5:41 | Create | Villager (Male) |
| 5:41 | Create | Villager (Male) |
| 6:05 | Create | Villager (Male) |
| 6:05 | Create | Villager (Male) |
| 7:31 | Create | Villager (Male) |
| 7:31 | Create | Villager (Male) |
| 7:45 | Create | Villager (Male) ×3 |
| 7:45 | Create | Villager (Male) |
| 7:58 | Create | Villager (Male) |
| 7:58 | Create | Villager (Male) |
| 8:26 | Create | Villager (Male) |
| 8:37 | Build | Mill |
| 10:00 | Build | Barracks |
| 10:29 | Research | Feudal Age |
| 11:17 | Build | Mining Camp |
| 12:25 | Build | Mining Camp |
| 12:43 | Research | Wheelbarrow |
| 12:52 | Research | Double-Bit Axe |
| 13:03 | Research | Wheelbarrow |
| 13:12 | Create | Villager (Male) ×8 |
| 13:13 | Create | Villager (Male) |
| 13:26 | Create | Villager (Male) |
| 13:26 | Create | Villager (Male) |
| 14:52 | Build | Blacksmith |
| 14:59 | Create | Villager (Male) |
| 15:13 | Build | House |
| 15:17 | Build | House |
| 15:23 | Build | House |
| 16:13 | Build | Stable |
| 16:47 | Build | Farm |
| 16:47 | Build | Farm |
| 16:47 | Build | Farm |
| 16:47 | Build | Farm |
| 16:47 | Build | Farm |
| 16:47 | Build | Farm |
| 16:47 | Build | Farm |
| 16:47 | Build | Farm |
| 16:47 | Build | Farm |
| 16:47 | Build | Farm |
| 16:47 | Build | Farm |
| 16:47 | Build | Farm |
| 16:47 | Build | Farm |
| 16:47 | Build | Farm |
| 16:47 | Build | Farm |
| 16:47 | Build | Farm |
| 17:13 | Build | Farm |
| 17:13 | Build | Farm |
| 17:13 | Build | Farm |
| 17:13 | Build | Farm |
| 17:13 | Build | Farm |
| 17:13 | Build | Farm |
| 17:13 | Build | Farm |
| 17:13 | Build | Farm |
| 17:13 | Build | Farm |
| 17:13 | Build | Farm |
| 17:13 | Build | Farm |
| 17:13 | Build | Farm |
| 17:22 | Build | Farm |
| 17:22 | Build | Farm |
| 17:22 | Build | Farm |
| 17:22 | Build | Farm |
| 17:22 | Build | Farm |
| 17:38 | Build | Farm |
| 17:38 | Build | Farm |
| 17:38 | Build | Farm |
| 17:38 | Build | Farm |
| 17:38 | Build | Farm |
| 17:38 | Build | Farm |
| 17:38 | Build | Farm |
| 17:38 | Build | Farm |
| 17:38 | Build | Farm |
| 17:38 | Build | Farm |
| 17:38 | Build | Farm |
| 17:48 | Build | Farm |
| 17:48 | Build | Farm |
| 17:48 | Build | Farm |
| 17:48 | Build | Farm |
| 17:48 | Build | Farm |
| 17:48 | Build | Farm |
| 17:48 | Build | Farm |
| 17:48 | Build | Farm |
| 17:48 | Build | Farm |
| 17:48 | Build | Farm |
| 17:48 | Build | Farm |
| 17:48 | Build | Farm |
| 17:48 | Build | Farm |
| 18:03 | Build | Farm |
| 18:03 | Build | Farm |
| 18:03 | Build | Farm |
| 18:03 | Build | Farm |
| 18:03 | Build | Farm |
| 18:03 | Build | Farm |
| 18:03 | Build | Farm |
| 18:03 | Build | Farm |
| 18:03 | Build | Farm |
| 18:03 | Build | Farm |
| 18:11 | Build | Farm |
| 18:11 | Build | Farm |
| 18:11 | Build | Farm |
| 18:11 | Build | Farm |
| 18:11 | Build | Farm |
| 18:11 | Build | Farm |
| 18:11 | Build | Farm |
| 18:11 | Build | Farm |
| 18:11 | Build | Farm |
| 18:28 | Build | Farm |
| 18:28 | Build | Farm |
| 18:28 | Build | Farm |
| 18:28 | Build | Farm |
| 18:28 | Build | Farm |
| 18:28 | Build | Farm |
| 18:28 | Build | Farm |
| 18:28 | Build | Farm |
| 18:28 | Build | Farm |
| 18:28 | Build | Farm |
| 18:28 | Build | Farm |
| 18:28 | Build | Farm |
| 18:28 | Build | Farm |
| 21:46 | Research | Castle Age |
| 22:31 | Research | Stone Mining |
| 24:21 | Build | Farm |
| 24:21 | Build | Farm |
| 24:21 | Build | Farm |
| 24:21 | Build | Farm |
| 24:21 | Build | Farm |
| 24:21 | Build | Farm |
| 24:21 | Build | Farm |
| 24:23 | Build | Farm |
| 24:23 | Build | Farm |
| 24:23 | Build | Farm |
| 24:23 | Build | Farm |
| 24:23 | Build | Farm |
Build order — Tolly Wonka
First 150 of 206 actions detected
| 0:12 | Research | Loom |
| 0:26 | Build | House |
| 0:46 | Create | Villager (Male) ×4 |
| 2:08 | Build | House |
| 2:14 | Create | Villager (Male) |
| 3:04 | Create | Villager (Male) |
| 3:12 | Build | House |
| 3:13 | Build | House |
| 3:30 | Create | Villager (Male) |
| 3:57 | Create | Villager (Male) |
| 4:19 | Build | House |
| 4:24 | Create | Villager (Male) |
| 4:40 | Create | Villager (Male) |
| 5:24 | Create | Villager (Male) |
| 5:42 | Build | House |
| 5:43 | Build | House |
| 5:55 | Create | Villager (Male) |
| 7:03 | Create | Villager (Male) |
| 7:04 | Create | Villager (Male) |
| 7:04 | Create | Villager (Male) |
| 7:34 | Create | Villager (Male) ×4 |
| 7:35 | Create | Villager (Male) |
| 7:37 | Create | Villager (Male) |
| 7:56 | Build | Lumber Camp |
| 8:13 | Create | Villager (Male) |
| 8:20 | Create | Villager (Male) |
| 8:49 | Build | Mill |
| 10:09 | Build | Mill |
| 10:56 | Build | House |
| 10:57 | Build | House |
| 11:50 | Research | Feudal Age |
| 13:40 | Build | Mining Camp |
| 13:46 | Build | Mining Camp |
| 14:00 | Age | Feudal Age |
| 14:05 | Research | Wheelbarrow |
| 14:06 | Research | Double-Bit Axe |
| 14:09 | Research | Horse Collar |
| 14:14 | Create | Villager (Male) ×5 |
| 15:55 | Create | Villager (Male) |
| 17:09 | Build | Market |
| 17:45 | Build | Farm |
| 17:46 | Build | Farm |
| 17:48 | Build | Farm |
| 17:49 | Build | Farm |
| 17:50 | Build | Farm |
| 17:52 | Build | Farm |
| 17:53 | Build | Farm |
| 17:55 | Build | Farm |
| 18:09 | Build | Blacksmith |
| 18:48 | Build | Barracks |
| 19:22 | Build | House |
| 19:23 | Build | House |
| 19:25 | Build | House |
| 19:46 | Research | Castle Age |
| 20:07 | Build | Mining Camp |
| 20:12 | Research | Scale Mail Armor |
| 20:41 | Build | Farm |
| 20:44 | Build | Farm |
| 20:47 | Build | Farm |
| 21:09 | Research | Stone Mining |
| 21:11 | Research | Gold Mining |
| 22:26 | Age | Castle Age |
| 22:36 | Build | Castle |
| 22:41 | Research | Bow Saw |
| 22:43 | Research | Heavy Plow |
| 22:45 | Research | Stone Shaft Mining |
| 23:09 | Build | Town Center |
| 23:18 | Build | House |
| 23:45 | Create | Villager (Male) ×5 |
| 24:12 | Create | Villager (Male) ×5 |
| 24:44 | Research | Hand Cart |
| 25:02 | Create | Villager (Male) ×4 |
| 25:44 | Build | Farm |
| 25:45 | Build | Farm |
| 25:47 | Build | Farm |
| 25:48 | Build | Farm |
| 25:53 | Create | Villager (Male) |
| 26:06 | Build | University |
| 27:10 | Research | Anarchy |
| 27:24 | Build | Barracks |
| 27:26 | Build | Barracks |
| 27:37 | Create | Villager (Male) |
| 27:37 | Create | Villager (Male) |
| 27:40 | Create | Villager (Male) |
| 27:40 | Create | Villager (Male) |
| 27:41 | Create | Villager (Male) |
| 27:46 | Build | Farm |
| 27:49 | Build | Farm |
| 27:58 | Build | Farm |
| 27:59 | Build | Farm |
| 28:01 | Build | Farm |
| 28:17 | Create | Villager (Male) |
| 28:26 | Research | Chain Mail Armor |
| 28:30 | Create | Militia |
| 28:32 | Create | Huskarl |
| 29:41 | Create | Villager (Male) |
| 29:42 | Create | Villager (Male) |
| 29:43 | Create | Villager (Male) |
| 30:22 | Build | Farm |
| 30:24 | Build | Farm |
| 30:30 | Build | Farm |
| 30:34 | Build | Farm |
| 30:39 | Research | Imperial Age |
| 30:56 | Research | Chain Mail Armor |
| 31:06 | Create | Huskarl |
| 31:17 | Create | Villager (Male) |
| 31:27 | Create | Huskarl |
| 31:28 | Create | Huskarl |
| 31:29 | Create | Huskarl |
| 31:35 | Create | Huskarl |
| 31:51 | Build | House |
| 31:52 | Build | House |
| 31:52 | Build | House |
| 31:56 | Build | House |
| 31:57 | Build | House |
| 31:58 | Build | House |
| 32:03 | Research | Forging |
| 32:21 | Create | Huskarl |
| 32:24 | Research | Squires |
| 32:31 | Create | Villager (Male) ×3 |
| 32:40 | Build | Farm |
| 32:41 | Build | Farm |
| 32:45 | Build | Farm |
| 32:46 | Build | Farm |
| 32:50 | Create | Villager (Male) |
| 32:52 | Create | Huskarl |
| 32:54 | Create | Huskarl |
| 32:55 | Create | Huskarl |
| 33:10 | Research | Iron Casting |
| 33:49 | Age | Imperial Age |
| 34:13 | Build | Barracks |
| 34:14 | Build | Barracks |
| 34:28 | Research | Blast Furnace |
| 35:04 | Build | Barracks |
| 35:06 | Build | Barracks |
| 35:45 | Research | Perfusion |
| 35:55 | Create | Huskarl |
| 35:55 | Create | Huskarl |
| 35:57 | Create | Huskarl |
| 36:10 | Create | Villager (Male) |
| 36:10 | Create | Villager (Male) |
| 36:11 | Create | Villager (Male) |
| 36:14 | Research | Two-Man Saw |
| 36:34 | Research | Crop Rotation |
| 36:38 | Create | Huskarl |
| 36:39 | Create | Huskarl |
| 36:48 | Create | Huskarl |
| 36:48 | Create | Huskarl |
| 36:55 | Create | Huskarl |
| 37:14 | Research | Pikeman (upgrade) |
Build order — Selobate
First 150 of 338 actions detected
| 0:01 | Create | Villager (Male) |
| 0:02 | Create | Villager (Male) |
| 0:02 | Create | Villager (Male) |
| 0:04 | Build | House |
| 0:06 | Build | House |
| 0:29 | Create | Villager (Male) |
| 0:43 | Research | Loom |
| 1:50 | Build | Lumber Camp |
| 1:58 | Create | Villager (Male) |
| 2:26 | Create | Villager (Male) |
| 2:26 | Create | Villager (Male) |
| 2:56 | Create | Villager (Male) |
| 3:09 | Create | Villager (Male) |
| 3:24 | Create | Villager (Male) |
| 3:54 | Build | House |
| 3:55 | Build | House |
| 3:58 | Create | Villager (Male) |
| 3:58 | Create | Villager (Male) |
| 4:20 | Build | Mill |
| 4:37 | Create | Villager (Male) |
| 4:38 | Create | Villager (Male) |
| 4:47 | Build | House |
| 4:55 | Create | Villager (Male) |
| 5:33 | Create | Villager (Male) |
| 5:34 | Create | Villager (Male) |
| 5:49 | Create | Villager (Male) |
| 6:52 | Create | Villager (Male) |
| 7:13 | Create | Villager (Male) |
| 7:19 | Create | Villager (Male) |
| 7:42 | Create | Villager (Male) |
| 7:42 | Create | Villager (Male) |
| 7:43 | Create | Villager (Male) |
| 7:43 | Create | Villager (Male) |
| 7:43 | Create | Villager (Male) |
| 7:44 | Create | Villager (Male) |
| 9:30 | Research | Feudal Age |
| 9:36 | Build | Mining Camp |
| 12:03 | Build | Market |
| 12:05 | Build | Blacksmith |
| 12:19 | Research | Wheelbarrow |
| 12:23 | Research | Horse Collar |
| 12:24 | Research | Double-Bit Axe |
| 12:29 | Build | Farm |
| 12:45 | Build | Farm |
| 12:46 | Build | Farm |
| 13:00 | Build | House |
| 13:01 | Build | House |
| 13:47 | Create | Villager (Male) |
| 13:47 | Create | Villager (Male) |
| 13:50 | Create | Villager (Male) |
| 14:18 | Build | Farm |
| 14:20 | Build | Farm |
| 14:23 | Build | Farm |
| 14:25 | Build | Farm |
| 14:30 | Build | Farm |
| 14:32 | Build | Farm |
| 14:38 | Build | Farm |
| 14:41 | Build | Farm |
| 14:45 | Build | Farm |
| 14:46 | Build | Farm |
| 14:54 | Build | Farm |
| 15:03 | Build | Farm |
| 15:15 | Build | Farm |
| 15:33 | Create | Villager (Male) |
| 15:33 | Create | Villager (Male) |
| 15:43 | Create | Villager (Male) |
| 15:43 | Create | Villager (Male) |
| 16:02 | Build | Mining Camp |
| 16:24 | Research | Castle Age |
| 16:31 | Research | Gold Mining |
| 16:35 | Research | Stone Mining |
| 17:13 | Research | Gold Mining |
| 18:26 | Research | Forging |
| 18:28 | Research | Scale Mail Armor |
| 18:31 | Research | Fletching |
| 19:08 | Build | Town Center |
| 19:15 | Build | Town Center |
| 19:20 | Research | Hand Cart |
| 19:37 | Build | Town Center |
| 19:57 | Research | Bow Saw |
| 20:49 | Build | Stone Wall |
| 21:00 | Create | Villager (Male) |
| 21:02 | Create | Villager (Male) |
| 21:02 | Create | Villager (Male) |
| 21:03 | Create | Villager (Male) |
| 21:03 | Create | Villager (Male) |
| 21:03 | Create | Villager (Male) |
| 21:05 | Create | Villager (Male) |
| 21:05 | Create | Villager (Male) |
| 21:06 | Create | Villager (Male) |
| 21:08 | Create | Villager (Male) |
| 21:08 | Create | Villager (Male) |
| 21:09 | Create | Villager (Male) |
| 21:16 | Create | Villager (Male) |
| 21:16 | Create | Villager (Male) |
| 21:22 | Create | Villager (Male) |
| 21:26 | Build | Farm |
| 21:29 | Build | Farm |
| 21:33 | Build | Farm |
| 21:37 | Build | Farm |
| 21:38 | Create | Villager (Male) |
| 21:38 | Create | Villager (Male) |
| 21:38 | Create | Villager (Male) |
| 21:39 | Create | Villager (Male) |
| 21:54 | Build | Stone Wall |
| 22:06 | Build | University |
| 22:11 | Build | Monastery |
| 22:17 | Build | Farm |
| 22:33 | Build | Farm |
| 22:36 | Create | Villager (Male) |
| 22:40 | Build | Farm |
| 22:44 | Build | Farm |
| 22:45 | Create | Villager (Male) |
| 22:46 | Create | Villager (Male) |
| 22:46 | Create | Villager (Male) |
| 22:51 | Create | Villager (Male) |
| 22:52 | Create | Villager (Male) |
| 22:52 | Create | Villager (Male) |
| 22:54 | Create | Villager (Male) |
| 22:54 | Create | Villager (Male) |
| 22:55 | Create | Villager (Male) |
| 22:55 | Create | Villager (Male) |
| 22:55 | Create | Villager (Male) |
| 23:07 | Build | Stone Wall |
| 23:56 | Build | Stone Wall |
| 24:10 | Build | Barracks |
| 24:16 | Build | Stone Wall |
| 24:29 | Research | Bodkin Arrow |
| 24:29 | Research | Bodkin Arrow |
| 24:35 | Research | Masonry |
| 24:35 | Research | Masonry |
| 24:39 | Build | Barracks |
| 24:40 | Build | Barracks |
| 24:40 | Build | Barracks |
| 24:40 | Build | Barracks |
| 24:41 | Build | Barracks |
| 24:42 | Build | Barracks |
| 24:45 | Research | Chain Mail Armor |
| 24:50 | Create | Villager (Male) |
| 24:51 | Create | Villager (Male) |
| 24:51 | Create | Villager (Male) |
| 24:51 | Create | Villager (Male) |
| 24:52 | Create | Villager (Male) |
| 24:52 | Create | Villager (Male) |
| 24:52 | Create | Villager (Male) |
| 25:18 | Research | Pikeman (upgrade) |
| 25:55 | Build | Barracks |
| 25:55 | Build | Barracks |
| 25:56 | Build | Barracks |
| 25:56 | Build | Barracks |
Build order — ShakaZuLu
129 actions detected in the replay
| 0:07 | Research | Loom |
| 0:07 | Create | Villager (Male) |
| 0:08 | Create | Villager (Male) |
| 0:08 | Create | Villager (Male) |
| 0:08 | Create | Villager (Male) |
| 0:17 | Build | House |
| 0:18 | Build | House |
| 0:20 | Build | House |
| 0:21 | Build | House |
| 2:31 | Create | Villager (Male) |
| 2:31 | Create | Villager (Male) |
| 2:46 | Build | Lumber Camp |
| 3:01 | Create | Villager (Male) |
| 3:51 | Create | Villager (Male) |
| 3:51 | Create | Villager (Male) |
| 4:20 | Create | Villager (Male) |
| 4:20 | Create | Villager (Male) |
| 4:20 | Create | Villager (Male) |
| 4:20 | Create | Villager (Male) |
| 4:51 | Create | Villager (Male) |
| 5:57 | Create | Villager (Male) |
| 6:02 | Create | Villager (Male) |
| 6:02 | Create | Villager (Male) |
| 6:15 | Create | Villager (Male) |
| 6:16 | Create | Villager (Male) |
| 7:31 | Create | Villager (Male) |
| 7:31 | Create | Villager (Male) |
| 7:57 | Build | Lumber Camp |
| 8:20 | Build | Mill |
| 8:26 | Create | Villager (Male) |
| 8:27 | Create | Villager (Male) |
| 8:55 | Create | Villager (Male) |
| 9:14 | Create | Villager (Male) |
| 10:23 | Research | Feudal Age |
| 10:50 | Create | Villager (Male) |
| 11:14 | Build | House |
| 11:15 | Build | House |
| 11:16 | Build | House |
| 11:17 | Build | House |
| 11:19 | Build | House |
| 11:33 | Build | Mining Camp |
| 11:54 | Build | Mining Camp |
| 12:31 | Build | Farm |
| 12:33 | Age | Feudal Age |
| 12:37 | Build | Farm |
| 12:39 | Create | Villager (Male) |
| 12:39 | Create | Villager (Male) |
| 12:43 | Research | Double-Bit Axe |
| 12:45 | Research | Horse Collar |
| 13:41 | Build | Blacksmith |
| 13:49 | Build | Market |
| 14:00 | Create | Villager (Male) |
| 14:00 | Create | Villager (Male) |
| 14:00 | Create | Villager (Male) |
| 14:00 | Create | Villager (Male) |
| 14:05 | Build | Farm |
| 14:06 | Build | Farm |
| 14:33 | Build | Farm |
| 14:46 | Build | Market |
| 15:01 | Create | Villager (Male) |
| 15:01 | Create | Villager (Male) |
| 15:01 | Create | Villager (Male) |
| 15:07 | Build | Farm |
| 15:27 | Build | House |
| 15:28 | Build | House |
| 15:29 | Build | House |
| 15:30 | Build | House |
| 15:31 | Build | House |
| 15:48 | Create | Villager (Male) |
| 15:48 | Create | Villager (Male) |
| 15:53 | Build | Farm |
| 16:00 | Build | Farm |
| 16:04 | Create | Villager (Male) |
| 16:09 | Build | Farm |
| 16:45 | Build | Barracks |
| 16:52 | Build | Mining Camp |
| 16:57 | Create | Villager (Male) |
| 16:57 | Create | Villager (Male) |
| 17:01 | Build | Farm |
| 17:02 | Build | Farm |
| 17:30 | Build | Farm |
| 17:52 | Build | Farm |
| 17:55 | Create | Villager (Male) |
| 18:22 | Build | Farm |
| 18:41 | Build | Farm |
| 19:01 | Research | Castle Age |
| 19:15 | Build | Stable |
| 19:26 | Research | Stone Mining |
| 20:27 | Create | Villager (Male) |
| 20:27 | Create | Villager (Male) |
| 20:54 | Create | Villager (Male) |
| 20:56 | Create | Villager (Male) |
| 21:05 | Research | Gold Mining |
| 21:41 | Age | Castle Age |
| 21:49 | Research | Heavy Plow |
| 21:54 | Research | Bow Saw |
| 21:58 | Create | Villager (Male) |
| 21:58 | Create | Villager (Male) |
| 22:23 | Build | Castle |
| 22:35 | Create | Villager (Male) |
| 22:36 | Create | Villager (Male) |
| 23:05 | Build | Town Center |
| 23:09 | Create | Villager (Male) |
| 23:09 | Create | Villager (Male) |
| 23:19 | Build | Town Center |
| 23:26 | Create | Villager (Male) |
| 23:26 | Create | Villager (Male) |
| 23:26 | Create | Villager (Male) |
| 23:50 | Build | Stable |
| 23:51 | Build | Stable |
| 24:01 | Build | Barracks |
| 24:08 | Build | Barracks |
| 24:26 | Build | Monastery |
| 24:35 | Build | House |
| 24:36 | Build | House |
| 24:37 | Build | House |
| 24:38 | Build | House |
| 24:44 | Build | House |
| 24:53 | Create | Villager (Male) |
| 24:53 | Create | Villager (Male) |
| 25:09 | Research | Wheelbarrow |
| 25:09 | Create | Villager (Male) |
| 25:10 | Create | Villager (Male) |
| 25:22 | Build | Farm |
| 25:22 | Build | Farm |
| 25:24 | Build | Farm |
| 25:25 | Build | Farm |
| 25:34 | Build | Farm |
| 26:37 | Create | Longbowman |
Build order — daniel_eguigureng
First 150 of 165 actions detected
| 1:42 | Build | House |
| 1:45 | Build | House |
| 1:57 | Create | Villager (Male) ×4 |
| 2:38 | Build | House |
| 2:48 | Build | Mill |
| 3:41 | Create | Villager (Male) |
| 4:08 | Create | Villager (Male) |
| 5:02 | Create | Villager (Male) ×2 |
| 5:48 | Create | Villager (Male) ×3 |
| 6:14 | Create | Villager (Male) ×2 |
| 6:26 | Create | Villager (Male) |
| 7:30 | Create | Villager (Male) |
| 7:31 | Create | Villager (Male) |
| 7:45 | Build | House |
| 8:05 | Research | Loom |
| 8:58 | Create | Villager (Male) ×5 |
| 9:49 | Build | Lumber Camp |
| 10:39 | Research | Feudal Age |
| 10:39 | Create | Villager (Male) |
| 10:44 | Create | Villager (Male) ×2 |
| 11:40 | Build | House |
| 11:43 | Build | House |
| 11:44 | Build | House |
| 11:45 | Build | House |
| 12:05 | Build | Barracks |
| 13:19 | Create | Villager (Male) ×5 |
| 13:27 | Age | Feudal Age |
| 13:51 | Research | Horse Collar |
| 13:53 | Research | Double-Bit Axe |
| 14:06 | Build | Market |
| 14:13 | Create | Villager (Male) |
| 14:13 | Create | Villager (Male) |
| 14:14 | Create | Villager (Male) |
| 14:15 | Create | Villager (Male) ×2 |
| 14:36 | Build | Mining Camp |
| 14:59 | Create | Villager (Male) |
| 15:09 | Build | Watch Tower |
| 15:30 | Build | Mining Camp |
| 15:54 | Build | Farm |
| 15:56 | Build | Farm |
| 15:57 | Build | Farm |
| 16:14 | Build | Farm |
| 16:19 | Build | Farm |
| 16:43 | Build | House |
| 16:59 | Build | Farm |
| 17:04 | Build | Farm |
| 17:12 | Build | Farm |
| 17:15 | Build | Farm |
| 17:18 | Build | Farm |
| 17:29 | Build | Farm |
| 17:33 | Build | Farm |
| 17:51 | Build | Farm |
| 18:03 | Create | Villager (Male) |
| 18:04 | Create | Villager (Male) |
| 18:32 | Create | Villager (Male) |
| 18:36 | Build | Farm |
| 18:54 | Build | Blacksmith |
| 19:41 | Research | Stone Mining |
| 19:42 | Research | Gold Mining |
| 20:01 | Create | Villager (Male) |
| 20:14 | Research | Wheelbarrow |
| 20:43 | Build | Stable |
| 20:45 | Build | Stable |
| 21:02 | Build | Stable |
| 21:50 | Research | Loom |
| 21:58 | Build | Stable |
| 22:15 | Build | House |
| 22:29 | Create | Trade Cart |
| 22:31 | Create | Trade Cart |
| 22:41 | Research | Forging |
| 22:53 | Research | Castle Age |
| 23:33 | Create | Villager (Male) ×4 |
| 23:46 | Build | Stable |
| 24:00 | Create | Trade Cart |
| 24:25 | Research | Scale Barding Armor |
| 24:45 | Build | Stable |
| 24:50 | Build | House |
| 25:06 | Research | Bloodlines |
| 25:33 | Age | Castle Age |
| 25:37 | Create | Knight ×5 |
| 25:37 | Create | Knight ×5 |
| 25:37 | Create | Knight ×5 |
| 25:47 | Create | Knight |
| 26:07 | Build | Castle |
| 26:11 | Research | Bow Saw |
| 26:17 | Build | Town Center |
| 26:24 | Create | Knight |
| 26:40 | Build | Farm |
| 26:43 | Build | Farm |
| 27:04 | Create | Knight ×3 |
| 28:17 | Build | Castle |
| 28:39 | Build | Siege Workshop |
| 28:48 | Create | Villager (Male) |
| 28:48 | Create | Villager (Male) |
| 28:48 | Create | Villager (Male) |
| 28:48 | Create | Villager (Male) |
| 28:49 | Create | Villager (Male) |
| 28:55 | Create | Knight ×5 |
| 28:56 | Create | Knight ×5 |
| 28:56 | Create | Knight ×5 |
| 29:17 | Build | Farm |
| 29:18 | Build | Farm |
| 29:30 | Build | Farm |
| 29:48 | Build | Farm |
| 29:51 | Create | Villager (Male) |
| 29:51 | Create | Villager (Male) |
| 30:17 | Create | Battering Ram |
| 30:27 | Build | Mining Camp |
| 30:30 | Create | Villager (Male) |
| 30:31 | Create | Villager (Male) |
| 30:41 | Build | House |
| 30:42 | Build | House |
| 31:07 | Create | Battering Ram |
| 31:46 | Build | House |
| 32:11 | Create | Battering Ram |
| 32:19 | Research | Hand Cart |
| 32:23 | Research | Heavy Plow |
| 32:38 | Build | House |
| 33:27 | Build | Farm |
| 33:33 | Create | Villager (Male) |
| 33:33 | Create | Villager (Male) |
| 33:34 | Create | Villager (Male) |
| 33:38 | Create | Villager (Male) |
| 33:38 | Create | Villager (Male) |
| 33:49 | Build | Lumber Camp |
| 33:53 | Research | Iron Casting |
| 34:10 | Build | Farm |
| 34:35 | Build | Farm |
| 35:13 | Build | Farm |
| 35:20 | Research | Imperial Age |
| 35:49 | Build | Farm |
| 35:58 | Build | Monastery |
| 36:49 | Create | Monk |
| 37:39 | Research | Stone Shaft Mining |
| 37:45 | Build | Mining Camp |
| 38:24 | Create | Knight ×5 |
| 38:25 | Create | Knight ×5 |
| 38:25 | Create | Knight ×5 |
| 38:25 | Create | Knight ×5 |
| 38:25 | Create | Knight ×5 |
| 38:26 | Create | Knight |
| 38:30 | Age | Imperial Age |
| 38:40 | Research | Cavalier (upgrade) |
| 38:45 | Research | Chain Barding Armor |
| 38:51 | Research | Conscription |
| 39:10 | Build | House |
| 39:19 | Create | Trebuchet (Packed) |
| 39:19 | Create | Trebuchet (Packed) |
| 40:00 | Build | Castle |
| 40:08 | Build | Lumber Camp |
Build order — bapuji
First 150 of 201 actions detected
| 0:06 | Build | House |
| 0:07 | Build | House |
| 0:12 | Build | House |
| 0:14 | Research | Loom |
| 0:15 | Create | Villager (Male) ×4 |
| 2:18 | Create | Villager (Male) |
| 2:37 | Create | Villager (Male) |
| 3:03 | Create | Villager (Male) |
| 3:30 | Create | Villager (Male) |
| 3:40 | Create | Villager (Male) |
| 4:09 | Create | Villager (Male) |
| 4:33 | Create | Villager (Male) |
| 5:06 | Create | Villager (Male) |
| 5:06 | Create | Villager (Male) |
| 5:13 | Build | Mill |
| 5:24 | Create | Villager (Male) |
| 5:44 | Build | Lumber Camp |
| 5:52 | Create | Villager (Male) |
| 5:52 | Create | Villager (Male) |
| 6:10 | Build | House |
| 6:16 | Create | Villager (Male) |
| 6:23 | Create | Villager (Male) |
| 6:46 | Create | Villager (Male) |
| 6:55 | Create | Villager (Male) |
| 7:13 | Create | Villager (Male) |
| 7:20 | Create | Villager (Male) |
| 8:03 | Create | Villager (Male) |
| 8:03 | Create | Villager (Male) |
| 8:03 | Create | Villager (Male) |
| 8:15 | Build | House |
| 8:41 | Create | Villager (Male) |
| 8:50 | Create | Villager (Male) |
| 9:06 | Build | Lumber Camp |
| 9:16 | Create | Villager (Male) ×5 |
| 10:00 | Create | Villager (Male) ×5 |
| 10:08 | Create | Villager (Male) |
| 10:32 | Create | Villager (Male) |
| 10:46 | Build | Mining Camp |
| 10:58 | Create | Villager (Male) |
| 11:25 | Create | Villager (Male) |
| 11:31 | Create | Villager (Male) |
| 11:37 | Build | House |
| 11:43 | Build | House |
| 11:48 | Create | Villager (Male) |
| 12:01 | Research | Feudal Age |
| 12:28 | Build | Farm |
| 12:45 | Build | House |
| 12:49 | Build | House |
| 12:52 | Build | House |
| 12:53 | Build | House |
| 12:54 | Build | House |
| 12:56 | Build | House |
| 12:58 | Build | House |
| 13:00 | Build | House |
| 13:02 | Build | House |
| 13:05 | Build | House |
| 13:06 | Build | House |
| 13:08 | Build | House |
| 13:10 | Build | House |
| 13:12 | Build | House |
| 13:14 | Build | House |
| 13:15 | Build | House |
| 13:16 | Build | House |
| 13:45 | Build | Barracks |
| 14:07 | Build | Mining Camp |
| 14:19 | Build | Farm |
| 14:26 | Build | Farm |
| 14:27 | Build | Farm |
| 14:28 | Age | Feudal Age |
| 14:41 | Research | Wheelbarrow |
| 14:45 | Research | Horse Collar |
| 14:47 | Research | Gold Mining |
| 14:56 | Research | Double-Bit Axe |
| 14:56 | Research | Double-Bit Axe |
| 15:02 | Research | Town Watch |
| 15:03 | Create | Villager (Male) |
| 15:03 | Create | Villager (Male) |
| 15:04 | Create | Villager (Male) |
| 15:04 | Create | Villager (Male) |
| 15:04 | Create | Villager (Male) |
| 15:19 | Build | Farm |
| 15:45 | Build | Blacksmith |
| 16:11 | Create | Villager (Male) |
| 16:43 | Build | Stone Wall |
| 16:52 | Build | Stone Wall |
| 16:58 | Build | Farm |
| 17:00 | Create | Villager (Male) |
| 17:25 | Build | Farm |
| 17:38 | Create | Villager (Male) |
| 17:43 | Build | Mining Camp |
| 17:52 | Build | Market |
| 17:56 | Build | Lumber Camp |
| 18:03 | Research | Forging |
| 18:10 | Build | Farm |
| 18:23 | Build | Archery Range |
| 18:40 | Build | House |
| 18:45 | Build | Farm |
| 19:05 | Create | Villager (Male) |
| 19:06 | Create | Villager (Male) |
| 19:06 | Create | Villager (Male) |
| 19:07 | Create | Villager (Male) |
| 19:31 | Build | Farm |
| 19:34 | Create | Villager (Male) |
| 19:34 | Create | Villager (Male) |
| 19:48 | Build | Farm |
| 19:50 | Create | Villager (Male) |
| 19:51 | Create | Villager (Male) |
| 20:27 | Create | Villager (Male) |
| 20:37 | Build | Farm |
| 21:05 | Build | Farm |
| 21:15 | Create | Trade Cart |
| 21:16 | Create | Trade Cart |
| 21:17 | Create | Trade Cart |
| 21:18 | Create | Trade Cart |
| 21:18 | Create | Trade Cart |
| 21:19 | Create | Trade Cart |
| 21:39 | Create | Trade Cart |
| 21:40 | Create | Trade Cart |
| 21:51 | Research | Fletching |
| 22:04 | Build | Farm |
| 22:08 | Create | Villager (Male) |
| 22:11 | Create | Villager (Male) |
| 22:21 | Build | Stable |
| 22:32 | Build | Farm |
| 22:46 | Create | Villager (Male) |
| 22:47 | Create | Villager (Male) |
| 22:47 | Create | Villager (Male) |
| 22:47 | Create | Villager (Male) |
| 23:01 | Research | Castle Age |
| 23:18 | Research | Bloodlines |
| 23:21 | Research | Scale Barding Armor |
| 23:30 | Build | Blacksmith |
| 24:05 | Build | House |
| 24:06 | Build | House |
| 24:08 | Build | House |
| 24:09 | Build | House |
| 24:11 | Build | House |
| 24:12 | Build | House |
| 24:13 | Build | House |
| 24:23 | Build | House |
| 24:35 | Research | Man-at-Arms (upgrade) |
| 24:41 | Research | Padded Archer Armor |
| 25:00 | Build | Lumber Camp |
| 25:20 | Build | Market |
| 25:33 | Research | Stone Mining |
| 25:42 | Age | Castle Age |
| 25:45 | Build | Town Center |
| 26:05 | Research | Husbandry |
| 26:13 | Build | Archery Range |
| 26:19 | Research | Bodkin Arrow |
Build order — MOTHERSHIP
First 150 of 216 actions detected
| 0:01 | Create | Villager (Male) |
| 0:03 | Build | House |
| 0:04 | Build | House |
| 0:05 | Create | Villager (Male) |
| 0:06 | Create | Villager (Male) |
| 0:06 | Create | Villager (Male) |
| 0:15 | Create | Villager (Male) |
| 0:16 | Create | Villager (Male) |
| 1:25 | Create | Villager (Male) |
| 1:25 | Create | Villager (Male) |
| 1:42 | Build | Lumber Camp |
| 2:04 | Create | Villager (Male) |
| 2:04 | Create | Villager (Male) |
| 2:26 | Create | Villager (Male) |
| 2:26 | Create | Villager (Male) |
| 2:57 | Create | Villager (Male) |
| 2:57 | Create | Villager (Male) |
| 2:58 | Create | Villager (Male) |
| 3:13 | Create | Villager (Male) |
| 3:20 | Build | Mining Camp |
| 3:43 | Create | Villager (Male) |
| 4:00 | Build | House |
| 4:32 | Create | Villager (Male) |
| 4:32 | Create | Villager (Male) |
| 4:38 | Build | Mining Camp |
| 5:18 | Create | Villager (Male) |
| 5:18 | Create | Villager (Male) |
| 5:34 | Create | Villager (Male) |
| 5:34 | Create | Villager (Male) |
| 6:53 | Create | Villager (Male) |
| 6:53 | Create | Villager (Male) |
| 7:00 | Create | Villager (Male) |
| 7:00 | Create | Villager (Male) |
| 7:22 | Build | House |
| 7:27 | Create | Villager (Male) |
| 8:06 | Create | Villager (Male) |
| 8:06 | Create | Villager (Male) |
| 8:18 | Build | Mill |
| 8:44 | Build | House |
| 8:48 | Create | Villager (Male) |
| 9:21 | Create | Villager (Male) |
| 9:22 | Create | Villager (Male) |
| 9:22 | Create | Villager (Male) |
| 9:31 | Create | Villager (Male) |
| 9:55 | Create | Villager (Male) |
| 10:02 | Build | House |
| 10:16 | Build | Farm |
| 10:45 | Build | Farm |
| 10:51 | Create | Villager (Male) |
| 11:03 | Build | Farm |
| 11:06 | Create | Villager (Male) |
| 11:10 | Create | Villager (Male) |
| 11:31 | Build | Farm |
| 11:52 | Research | Feudal Age |
| 12:34 | Build | Farm |
| 12:38 | Build | Farm |
| 12:46 | Build | Farm |
| 12:53 | Build | Farm |
| 13:31 | Create | Villager (Male) |
| 13:31 | Create | Villager (Male) |
| 13:33 | Research | Loom |
| 14:38 | Age | Feudal Age |
| 14:46 | Build | Market |
| 14:54 | Build | Blacksmith |
| 15:10 | Build | Farm |
| 15:17 | Build | Farm |
| 15:34 | Build | Lumber Camp |
| 15:45 | Create | Villager (Male) |
| 16:09 | Build | Farm |
| 16:09 | Build | Farm |
| 16:18 | Research | Castle Age |
| 17:01 | Build | Barracks |
| 17:30 | Create | Villager (Male) |
| 17:58 | Build | Stable |
| 18:43 | Age | Castle Age |
| 18:48 | Build | Castle |
| 19:00 | Research | Bloodlines |
| 19:07 | Build | House |
| 19:09 | Build | House |
| 19:34 | Create | Villager (Male) |
| 19:34 | Create | Villager (Male) |
| 19:34 | Create | Villager (Male) |
| 20:02 | Create | War Elephant |
| 20:03 | Create | War Elephant |
| 20:03 | Create | War Elephant |
| 20:03 | Create | War Elephant |
| 20:04 | Create | War Elephant |
| 20:37 | Research | Scale Barding Armor |
| 20:44 | Create | War Elephant |
| 21:09 | Create | Villager (Male) |
| 21:41 | Create | War Elephant |
| 22:08 | Create | War Elephant |
| 22:22 | Create | Villager (Male) |
| 22:23 | Create | Villager (Male) |
| 22:59 | Build | Farm |
| 22:59 | Build | Farm |
| 22:59 | Build | Farm |
| 23:00 | Build | Farm |
| 23:00 | Build | Farm |
| 23:00 | Build | Farm |
| 23:01 | Build | Farm |
| 23:01 | Build | Farm |
| 23:01 | Build | Farm |
| 23:18 | Research | Forging |
| 24:11 | Create | Villager (Male) |
| 24:12 | Create | Villager (Male) |
| 24:21 | Build | Stable |
| 24:25 | Build | Stable |
| 24:51 | Research | Chain Barding Armor |
| 25:46 | Build | Farm |
| 25:47 | Build | Farm |
| 25:47 | Build | Farm |
| 25:53 | Create | Knight ×3 |
| 25:53 | Create | Knight ×3 |
| 27:26 | Create | Knight |
| 27:26 | Create | Knight |
| 27:33 | Research | Gold Mining |
| 27:37 | Research | Double-Bit Axe |
| 27:41 | Research | Horse Collar |
| 28:02 | Create | Villager (Male) |
| 28:02 | Create | Villager (Male) |
| 28:03 | Create | Villager (Male) |
| 28:39 | Create | Villager (Male) |
| 28:40 | Create | Villager (Male) |
| 28:44 | Create | Knight ×2 |
| 28:44 | Create | Knight ×2 |
| 28:46 | Research | Husbandry |
| 28:51 | Build | Farm |
| 28:51 | Build | Farm |
| 28:52 | Build | Farm |
| 28:52 | Build | Farm |
| 28:52 | Build | Farm |
| 28:52 | Build | Farm |
| 29:06 | Build | Town Center |
| 29:12 | Create | Villager (Male) |
| 29:15 | Create | Knight |
| 29:16 | Create | Knight |
| 29:45 | Create | Knight |
| 29:46 | Create | Knight |
| 29:46 | Create | Knight |
| 30:06 | Research | Bow Saw |
| 32:54 | Create | Knight ×5 |
| 32:54 | Create | Knight ×5 |
| 32:54 | Create | Knight ×4 |
| 33:37 | Create | Knight ×2 |
| 33:37 | Create | Knight ×2 |
| 34:23 | Research | Kamandaran |
| 34:33 | Research | Fletching |
| 34:34 | Research | Padded Archer Armor |
| 34:38 | Create | Knight ×4 |
Build order — Aria
First 150 of 243 actions detected
| 0:54 | Create | Villager (Male) |
| 1:26 | Create | Villager (Male) |
| 2:14 | Create | Villager (Male) |
| 2:39 | Create | Villager (Male) |
| 3:13 | Create | Villager (Male) |
| 3:14 | Create | Villager (Male) |
| 3:14 | Create | Villager (Male) |
| 4:24 | Create | Villager (Male) |
| 4:37 | Build | House |
| 4:42 | Build | House |
| 4:44 | Build | House |
| 6:08 | Create | Villager (Male) |
| 6:09 | Create | Villager (Male) |
| 6:10 | Create | Villager (Male) |
| 6:10 | Create | Villager (Male) |
| 6:11 | Create | Villager (Male) |
| 6:11 | Create | Villager (Male) |
| 7:37 | Create | Villager (Male) |
| 7:37 | Create | Villager (Male) |
| 7:38 | Create | Villager (Male) |
| 7:38 | Create | Villager (Male) |
| 8:37 | Build | Mill |
| 9:21 | Build | Lumber Camp |
| 9:42 | Create | Villager (Male) |
| 9:53 | Build | Farm |
| 9:53 | Build | Farm |
| 9:53 | Build | Farm |
| 9:53 | Build | Farm |
| 9:54 | Build | Farm |
| 9:54 | Build | Farm |
| 9:54 | Build | Farm |
| 10:03 | Create | Villager (Male) |
| 10:21 | Research | Feudal Age |
| 11:42 | Build | Mining Camp |
| 12:31 | Age | Feudal Age |
| 12:35 | Build | Blacksmith |
| 12:54 | Build | Market |
| 13:03 | Research | Double-Bit Axe |
| 13:06 | Create | Villager (Male) |
| 13:09 | Create | Villager (Male) |
| 13:11 | Create | Villager (Male) |
| 14:30 | Create | Villager (Male) |
| 14:47 | Create | Villager (Male) |
| 15:01 | Research | Castle Age |
| 15:06 | Research | Horse Collar |
| 15:39 | Build | House |
| 15:47 | Build | House |
| 15:53 | Build | House |
| 17:41 | Age | Castle Age |
| 17:48 | Build | Farm |
| 17:49 | Build | Farm |
| 17:49 | Build | Farm |
| 17:49 | Build | Farm |
| 17:49 | Build | Farm |
| 17:50 | Build | Farm |
| 17:50 | Build | Farm |
| 17:59 | Build | Town Center |
| 18:07 | Build | Town Center |
| 18:14 | Research | Wheelbarrow |
| 18:22 | Research | Bow Saw |
| 18:47 | Research | Heavy Plow |
| 19:21 | Create | Villager (Male) |
| 19:21 | Create | Villager (Male) |
| 19:22 | Create | Villager (Male) |
| 19:22 | Create | Villager (Male) |
| 19:22 | Create | Villager (Male) |
| 19:27 | Create | Villager (Male) |
| 19:28 | Create | Villager (Male) |
| 19:28 | Create | Villager (Male) |
| 19:29 | Create | Villager (Male) |
| 19:29 | Create | Villager (Male) |
| 19:29 | Create | Villager (Male) |
| 19:30 | Create | Villager (Male) |
| 19:51 | Research | Stone Mining |
| 20:11 | Research | Gold Mining |
| 20:44 | Create | Villager (Male) |
| 20:45 | Create | Villager (Male) |
| 20:45 | Create | Villager (Male) |
| 20:46 | Create | Villager (Male) |
| 21:17 | Create | Villager (Male) |
| 21:18 | Create | Villager (Male) |
| 21:19 | Create | Villager (Male) |
| 21:49 | Build | Town Center |
| 22:10 | Create | Villager (Male) |
| 22:10 | Create | Villager (Male) |
| 22:11 | Create | Villager (Male) |
| 22:11 | Create | Villager (Male) |
| 22:12 | Create | Villager (Male) |
| 22:24 | Create | Villager (Male) |
| 22:25 | Create | Villager (Male) |
| 22:33 | Build | Farm |
| 22:37 | Build | Farm |
| 22:53 | Create | Villager (Male) |
| 22:54 | Create | Villager (Male) |
| 22:59 | Create | Villager (Male) |
| 23:25 | Build | Mill |
| 23:31 | Build | Farm |
| 23:31 | Build | Farm |
| 23:32 | Build | Farm |
| 23:32 | Build | Farm |
| 23:32 | Build | Farm |
| 23:33 | Build | Farm |
| 23:44 | Create | Villager (Male) |
| 23:44 | Create | Villager (Male) |
| 23:44 | Create | Villager (Male) |
| 23:45 | Create | Villager (Male) |
| 23:45 | Create | Villager (Male) |
| 24:02 | Create | Villager (Male) |
| 24:05 | Create | Villager (Male) |
| 24:12 | Create | Villager (Male) |
| 25:15 | Create | Villager (Male) |
| 25:15 | Create | Villager (Male) |
| 25:16 | Create | Villager (Male) |
| 25:16 | Create | Villager (Male) |
| 25:16 | Create | Villager (Male) |
| 25:17 | Create | Villager (Male) |
| 25:17 | Create | Villager (Male) |
| 25:17 | Create | Villager (Male) |
| 25:18 | Create | Villager (Male) |
| 25:39 | Research | Stone Shaft Mining |
| 26:01 | Build | Mill |
| 26:07 | Build | Farm |
| 26:07 | Build | Farm |
| 26:08 | Build | Farm |
| 26:09 | Build | Farm |
| 26:10 | Build | Farm |
| 26:11 | Build | Farm |
| 26:12 | Build | Farm |
| 26:13 | Build | Farm |
| 26:35 | Research | Hand Cart |
| 26:35 | Create | Villager (Male) |
| 26:37 | Create | Villager (Male) |
| 26:38 | Create | Villager (Male) |
| 26:38 | Create | Villager (Male) |
| 26:38 | Create | Villager (Male) |
| 27:48 | Build | Castle |
| 28:14 | Build | Barracks |
| 28:15 | Build | Barracks |
| 28:17 | Build | Barracks |
| 28:19 | Build | Barracks |
| 28:22 | Build | Barracks |
| 28:23 | Build | Barracks |
| 28:26 | Build | Barracks |
| 28:42 | Create | Villager (Male) |
| 28:42 | Create | Villager (Male) |
| 28:43 | Create | Villager (Male) |
| 28:43 | Create | Villager (Male) |
| 28:43 | Create | Villager (Male) |
| 28:44 | Create | Villager (Male) |
| 28:44 | Create | Villager (Male) |
Match timeline
| 10:00 | KINGGING84 · first_building Barracks |
| 12:05 | daniel_eguigureng · first_building Barracks |
| 12:31 | Aria · age_up feudal |
| 12:33 | ShakaZuLu · age_up feudal |
| 13:27 | daniel_eguigureng · age_up feudal |
| 13:45 | bapuji · first_building Barracks |
| 14:00 | Tolly Wonka · age_up feudal |
| 14:28 | bapuji · age_up feudal |
| 14:38 | MOTHERSHIP · age_up feudal |
| 16:13 | KINGGING84 · first_building Stable |
| 16:43 | bapuji · wall_segment Stone Wall x4 |
| 16:45 | ShakaZuLu · first_building Barracks |
| 16:52 | bapuji · wall_segment Stone Wall x13 |
| 17:01 | MOTHERSHIP · first_building Barracks |
| 17:41 | Aria · age_up castle |
| 17:58 | MOTHERSHIP · first_building Stable |
| 18:23 | bapuji · first_building Archery Range |
| 18:43 | MOTHERSHIP · age_up castle |
| 18:48 | Tolly Wonka · first_building Barracks |
| 18:48 | MOTHERSHIP · first_building Castle |
| 19:15 | ShakaZuLu · first_building Stable |
| 20:02 | bapuji · first_market_buy 100 food |
| 20:15 | MOTHERSHIP · first_market_buy 100 food |
| 20:43 | daniel_eguigureng · first_building Stable |
| 20:49 | Selobate · wall_segment Stone Wall x3 |
| 20:55 | bapuji · tribute_sent a jugador 1 |
| 20:55 | bapuji · tribute_sent a jugador 2 |
| 20:55 | bapuji · tribute_sent a jugador 3 |
| 20:55 | bapuji · tribute_sent a jugador 4 |
| 20:55 | bapuji · tribute_sent a jugador 5 |
| 20:55 | bapuji · tribute_sent a jugador 7 |
| 20:55 | bapuji · tribute_sent a jugador 8 |
| 21:41 | ShakaZuLu · age_up castle |
| 21:54 | Selobate · wall_segment Stone Wall x4 |
| 21:54 | MOTHERSHIP · first_market_sell 100 wood |
| 22:11 | Selobate · first_building Monastery |
| 22:21 | bapuji · first_building Stable |
| 22:23 | ShakaZuLu · first_building Castle |
| 22:26 | Tolly Wonka · age_up castle |
| 22:36 | Tolly Wonka · first_building Castle |
| 22:58 | bapuji · first_market_sell 100 wood |
| 23:07 | Selobate · wall_segment Stone Wall x4 |
| 23:56 | Selobate · wall_segment Stone Wall x7 |
| 24:10 | Selobate · first_building Barracks |
| 24:16 | Selobate · wall_segment Stone Wall x3 |
| 24:26 | ShakaZuLu · first_building Monastery |
| 24:52 | KINGGING84 · first_building Castle |
| 25:33 | daniel_eguigureng · age_up castle |
| 25:42 | bapuji · age_up castle |
| 26:07 | daniel_eguigureng · first_building Castle |
| 27:37 | Aria · first_market_sell 100 food |
| 27:41 | Aria · first_market_buy 100 stone |
| 27:48 | Aria · first_building Castle |
| 28:14 | Aria · first_building Barracks |
| 28:18 | ShakaZuLu · resign |
| 28:39 | daniel_eguigureng · first_building Siege Workshop |
| 29:02 | Selobate · wall_segment Stone Wall x2 |
| 30:36 | bapuji · first_building Monastery |
| 32:09 | Aria · age_up imperial |
| 33:20 | Selobate · wall_segment Stone Wall x2 |
| 33:49 | Tolly Wonka · age_up imperial |
| 35:14 | MOTHERSHIP · first_building Archery Range |
| 35:58 | daniel_eguigureng · first_building Monastery |
| 36:12 | Aria · wall_segment Stone Wall x3 |
| 36:19 | Selobate · first_building Siege Workshop |
| 37:28 | Selobate · wall_segment Stone Wall x9 |
| 38:08 | bapuji · age_up imperial |
| 38:30 | daniel_eguigureng · age_up imperial |
| 38:33 | daniel_eguigureng · first_market_sell 500 wood |
| 40:29 | Aria · wall_segment Stone Wall x1 |
| 40:31 | MOTHERSHIP · first_building Siege Workshop |
| 40:33 | Selobate · first_building Castle |
[ AI ANALYSIS · 1 CREDIT ]
What really happened in this match?
Wolo.gg analyzes every decision: build order, eco, micro, common mistakes by bracket. Personalized analysis on WhatsApp or Discord in 30 seconds.
Civ guide
Franks
Map guide
Arena
Perfil
Jugador #14277937